 Dungeon Crawl Stone Soup version 0.28.0-53-g5a82cb258f (webtiles) character file.

Game seed: 13657273247378471182

24 Zeld the Digger (level 3, -6/19 HPs)
             Began as a Gargoyle Earth Elementalist on June 2, 2022.
             Mangled by a gnoll
             ... wielding a +0 halberd
              (11 damage)
             ... on level 2 of the Dungeon.
             The game lasted 00:01:42 (1661 turns).

Zeld the Digger (Gargoyle Earth Elementalist)       Turns: 1661, Time: 00:01:42

Health: -6/19      AC:  5    Str: 11    XL:     3   Next: 2%
Magic:  3/6        EV: 11    Int: 17    God:
Gold:   57         SH:  0    Dex: 10    Spells: 1/7 levels left

rFire   . . .      SeeInvis .   (no weapon)
rCold   . . .      Faith    .   (no shield)
rNeg    + . .      Spirit   .   b - +0 robe
rPois   ∞          Reflect  .   (no helmet)
rElec   +          Harm     .   (no cloak)
rCorr   .          Rampage  .   (no gloves)
Will    .....                   (no boots)
Stlth   ++........              (no amulet)
HPRegen 0.06/turn               (no ring)
MPRegen 0.10/turn               (no ring)

@: no status effects
A: sickness immunity, AC +3, negative energy resistance 1, electricity
resistance, torment resistance 1, petrification resistance
a: no special abilities


You were on level 2 of the Dungeon.
You visited 1 branch of the dungeon, and saw 2 of its levels.

You collected 57 gold pieces.

Inventory:

Missiles
 c - 31 stones
 f - 7 arrows
Armour
 b - a +0 robe (worn)
Scrolls
 a - a scroll of identify {unknown}
 d - 2 scrolls of enchant weapon {unknown}
 g - a scroll of teleportation {unknown}
 h - a scroll of brand weapon {unknown}
Potions
 e - a potion of heal wounds {unknown}


   Skills:
 - Level 1.5 Dodging
 - Level 2.1 Stealth
 * Level 2.5 Spellcasting
 + Level 1.2 Transmutations
 * Level 4.2 Earth Magic


You had one spell level left.
You knew the following spells:

 Your Spells              Type           Power      Damage    Failure   Level
a - Sandblast             Erth           32%        2d9       3%          1
b - Passwall              Tmut/Erth      9%         N/A       9%          2
c - Stone Arrow           Conj/Erth      18%        3d8       24%         3

Your spell library contained the following spells:

 Spells                   Type           Power      Damage    Failure   Level
 Petrify                  Tmut/Erth      11%        N/A       52%         4


Dungeon Overview and Level Annotations

Branches:
Dungeon (2/15)

Altars:


Innate Abilities, Weirdness & Mutations

You are immune to sickness and miasma.
Your stone body is resilient. (AC +3)
You are immune to poison.
You resist negative energy. (rN+)
You are resistant to electric shocks. (rElec)
You are resistant to unholy torment.
You are immune to petrification.


Message History

Things that are here:
a +0 short sword; a kobold corpse Done exploring.
There is a stone staircase leading down here.
You climb downwards.
The jackal barely misses you. The jackal bites you.
A jackal comes into view.
There is a stone staircase leading up here.
There are monsters nearby!
There are monsters nearby!
Casting: Sandblast (safe; 3% risk of failure)
Confirm with . or Enter, or press ? or * to list all spells.
Aiming: Sandblast (safe; 3% risk of failure)
Press: ? - help, Shift-Dir - straight line, f - jackal
Aim: a jackal (74% to hit)
The blast of sand misses the jackal.
c - 33 stones The jackal bites you but does no damage.
The jackal misses you.
Casting: Sandblast (safe; 3% risk of failure)
Confirm with . or Enter, or press ? or * to list all spells.
Aiming: Sandblast (safe; 3% risk of failure)
Press: ? - help, Shift-Dir - straight line, f/p - jackal
Aim: a jackal (74% to hit)
The blast of sand hits the jackal but does no damage.
c - 32 stones The gnoll hits you from afar with a +0 halberd!
Ouch! That really hurt!
The jackal bites you.
* * * LOW HITPOINT WARNING * * *
Casting: Sandblast (safe; 3% risk of failure)
Confirm with . or Enter, or press ? or * to list all spells.
Aiming: Sandblast (safe; 3% risk of failure)
Press: ? - help, Shift-Dir - straight line, f/p - jackal
Aim: a jackal (74% to hit)
The blast of sand misses the jackal.
c - 31 stones The jackal bites you but does no damage.
The gnoll hits you from afar with a +0 halberd!
Ouch! That really hurt!
You die...

.....$...............
.......##............
....[........(....#.#
...........##...#...#
............#......##
.......h....#...####
.........g..#####
............#
.......@....#
.......h....#
...........##
...##.....## ##
#######


You could see a gnoll and 2 jackals.

Vanquished Creatures
  2 endoplasms
  A goblin (D:1)
  3 hobgoblins
  A jackal (D:1)
  4 ball pythons
  2 bats (D:1)
  4 frilled lizards (D:1)
  5 kobolds (D:1)
  3 rats (D:1)
25 creatures vanquished.

Notes
Turn   | Place    | Note
-------+----------+-------------------------------------------
     0 | D:1      | Zeld the Gargoyle Earth Elementalist began the quest for
                  | the Orb.
     0 | D:1      | Reached XP level 1. HP: 10/10 MP: 3/3
   333 | D:1      | Reached skill level 1 in Transmutations
   333 | D:1      | Reached XP level 2. HP: 10/15 MP: 1/5
   637 | D:1      | Found a faded altar of an unknown god.
   796 | D:1      | Reached skill level 4 in Earth Magic
  1463 | D:1      | Reached XP level 3. HP: 11/19 MP: 0/6
  1474 | D:1      | Learned a level 2 spell: Passwall
  1478 | D:1      | Learned a level 3 spell: Stone Arrow
  1661 | D:2      | Mangled by a gnoll

Illustrated notes

Levels and vault maps discovered:
D:1:      psy_arrival_basics, layout_basic, ebering_ecumenical_altar_rust,
          chequers_mini_garden, serial_bayou_crossing
D:2:      layout_rooms, serial_shops, nicolae_lakefront_shop, basic_altar

Skill      XL: |  1  2 |
---------------+-------+-----
Transmutations | 1 |  1.2
Earth Magic    | 4 |  4.2
Dodging        | |  1.5
Stealth        | |  2.1
Spellcasting   | |  2.5

Action                   || total
-------------------------++-------
Melee: Unarmed           ||    14
 Cast: Sandblast         ||    34
 Stab: Sleeping          ||     1
Armor: Robe              ||    12
Dodge: Dodged            ||    28
